 Dungeon Crawl Stone Soup version 0.31.0-4-g52a2dc7128 (webtiles) character file.

Game seed: 14356534690984808440

2975 BeingJoeMalik the Reanimator (level 9, -3/45 HPs)
             Began as a Gargoyle Necromancer on Jan 23, 2024.
             Was a Believer of Sif Muna.
             Slain by a killer bee (5 damage)
             ... on level 7 of the Dungeon.
             The game lasted 00:21:39 (7803 turns).

BeingJoeMalik the Reanimator (Gargoyle Necromancer) Turns: 7803, Time: 00:21:40

Health: -3/45      AC: 12    Str: 11    XL:     9   Next: 82%
Magic:  18/21      EV: 11    Int: 21    God:    Sif Muna [**....]
Gold:   466        SH:  0    Dex: 10    Spells: 16/24 levels left

rFire   + . .        f - +2 dagger (venom)
rCold   . . .        o - orb {*channel}
rNeg    + . .        a - +0 robe
rPois   ∞            q - +0 helmet
rElec   +            (no cloak)
rCorr   .            (no gloves)
SInv    .            j - +2 pair of boots "Geapnoug" {+Blink rF+ Slay+2}
Will    .....        (no amulet)
Stlth   ++           (no ring)
HPRegen 0.27/turn    (no ring)
MPRegen 0.17/turn

%: channel magic (20%)
@: no status effects
A: sickness immunity, AC +6, negative energy resistance 1, electricity
resistance, torment resistance 1, petrification resistance
a: Renounce Religion, Evoke Blink, Channel Magic


You were on level 7 of the Dungeon.
You worshipped Sif Muna.
Sif Muna was pleased with you.
You visited 2 branches of the dungeon, and saw 9 of its levels.
You also visited: Ossuary.

You collected 466 gold pieces.

Inventory:

Hand Weapons
 f - a +2 dagger of venom (weapon)
Missiles
 u - a throwing net
Armour
 a - a +0 robe (worn)
 j - the +2 pair of boots "Geapnoug" (worn) {+Blink rF+ Slay+2}
   (You found it on level 2 of the Dungeon)

   Slay+2:    It affects your accuracy & damage with ranged weapons and melee
   (+2).
   rF+:       It protects you from fire.
   +Blink:    It lets you blink.
 o - an orb of energy (worn)
 q - a +0 helmet (worn)
Wands
 r - a wand of mindburst (20)
Scrolls
 d - 7 scrolls of identify
 e - 2 scrolls of blinking
 g - 2 scrolls of immolation
 h - a scroll of silence
 k - 2 scrolls of revelation
 l - a scroll of amnesia
 n - 8 scrolls of teleportation
 t - a scroll of vulnerability
 x - a scroll of fear
Potions
 b - 2 potions of magic
 c - 3 potions of mutation
 i - 6 potions of enlightenment
 m - a potion of heal wounds
 p - a potion of invisibility
 s - 3 potions of curing
 v - a potion of resistance
 w - a potion of ambrosia


   Skills:
 - Level 1.5 Dodging
 - Level 2.1 Stealth
 + Level 8.1 Spellcasting
 + Level 9.3 Necromancy


You had 16 spell levels left.
You knew the following spells:

 Your Spells              Type           Power      Damage    Failure   Level
a - Necrotise             Necr           100%       1d9       2%          1
b - Vampiric Draining     Necr           47%        2d9       3%          3
c - Animate Dead          Necr           47%        N/A       7%          4

Your spell library contained the following spells:

 Spells                   Type           Power      Damage    Failure   Level
 Curse of Agony           Necr           47%        N/A       14%         5
 Sting                    Conj/Alch      32%        1d5       21%         1
 Mercury Vapours          Alch/Air       16%        N/A       28%         2
 Frozen Ramparts          Ice            16%        1d3       45%         3
 Summon Ice Beast         Ice/Summ       8%         N/A       45%         3
 Leda's Liquefaction      Alch/Erth      4%         N/A       80%         4
 Olgreb's Toxic Radiance  Alch           8%         N/A       80%         4
 Petrify                  Alch/Erth      8%         N/A       80%         4
 Metabolic Englaciation   Hex/Ice        4%         N/A       98%         5
 Summon Mana Viper        Hex/Summ       8%         N/A       98%         5
 Monstrous Menagerie      Summ           4%         N/A       100%        7


Dungeon Overview and Level Annotations

Branches:
Dungeon (8/15)             Temple (1/1) D:6         Ossuary (visited)
   Lair: D:8-11

Altars:
Ashenzari
Cheibriados
Dithmenos
Elyvilon
Fedhas
Gozag
Hepliaklqana
Kikubaaqudgha
Makhleb
Nemelex Xobeh
Qazlal
Ru
Sif Muna
Trog
Uskayaw
Vehumet
Wu Jian
Xom
Yredelemnul
Zin
The Shining One


Innate Abilities, Weirdness & Mutations

You are immune to sickness and miasma.
Your stone body is resilient. (AC +6)
You are immune to poison.
You resist negative energy. (rN+)
You are resistant to electric shocks. (rElec)
You are resistant to unholy torment.
You are immune to petrification.


Message History

You miss the killer bee.
The killer bee stings you but does no damage. x2
The killer bee stings you. The killer bee closely misses you.
Unknown command.
Casting: Necrotise (safe; 2% risk of failure)
Confirm with . or Enter, or press ? or * to list all spells.
Aiming: Necrotise (safe; 2% risk of failure)
Press: ? - help, Shift-Dir - straight line, f - killer bee
Aim: a killer bee (chance to affect: 88%)
The killer bee writhes in agony!
The killer bee misses you. The killer bee closely misses you.
The killer bee stings you but does no damage.
The killer bee stings you.
Casting: Necrotise (safe; 2% risk of failure)
Confirm with . or Enter, or press ? or * to list all spells.
Aiming: Necrotise (safe; 2% risk of failure)
Press: ? - help, Shift-Dir - straight line, f/p - killer bee
Aim: a killer bee (heavily wounded, chance to affect: 88%)
The killer bee writhes in agony.
The killer bee closely misses you. The killer bee stings you.
The killer bee barely misses you. The killer bee stings you.
Unknown command.
You closely miss the killer bee.
The killer bee is heavily wounded.
The killer bee stings you.
The killer bee stings you but does no damage. x2
The killer bee stings you.
Casting: Necrotise (safe; 2% risk of failure)
Confirm with . or Enter, or press ? or * to list all spells.
Aiming: Necrotise (safe; 2% risk of failure)
Press: ? - help, Shift-Dir - straight line, f/p - killer bee
Aim: a killer bee (heavily wounded, chance to affect: 88%)
The killer bee writhes in agony.
The killer bee stings you but does no damage.
The killer bee stings you.
* * * LOW HITPOINT WARNING * * *
The killer bee stings you.
* * * LOW HITPOINT WARNING * * *
The killer bee stings you.
You die...

..#........# ##.## #.#
###.#####.## ##...## #.#### #
#.# ##.#.## ##.....## #....#
#
#.###.###.###.......######.#
# #.##.## ##.#.>.......# #.#
###.###.###.##.........# #.#
##..####.#.§§..........# #.#
.<...# ##.#§§##†yy....## #.#
##.#.# ###§§###@....## #.#
#.#.# ##§§# ##....# #.# #.#.#
##§§§######..# #.# #.#.#
#.§§§§...##..## #.#
#.#.#####...###......# #.#
#............#####...######.#
###.#####............##.....#
#.# ##...#####.#.##.##### #.#
##.######.#.##.#


You could see 2 killer bees.

Vanquished Creatures
  A komodo dragon (D:7)
  A wyvern (D:8)
  A water moccasin (D:7)
  A black bear (D:5)
  A sky beast (D:6)
  2 centaurs
  2 ogres
  4 bullfrogs
  A kobold brigand (D:8)
  3 scorpions
  7 killer bees
  2 howler monkeys
  3 bombardier beetles
  3 hounds
  3 jellies
  2 orc priests
  3 sleepcaps
  A gnoll bouda (D:6)
  Ijyb (D:3)
  4 iguanas
  2 orc wizards (D:7)
  2 hound zombies (Ossuary)
  4 mummies (Ossuary)
  Robin (D:3)
  4 gnolls (D:6)
  8 adders
  A shadow imp (D:5)
  2 white imps
  3 ufetubi
  2 dart slugs
  6 orcs (D:6)
  6 bats
  6 endoplasms
  3 giant cockroaches
  2 gnoll zombies (Ossuary)
  18 goblins
  5 hobgoblins
  3 jackals (D:3)
  4 ball pythons
  2 frilled lizards (D:1)
  A goblin zombie (Ossuary)
  2 hobgoblin zombies (Ossuary)
  A jackal zombie (Ossuary)
  10 kobolds
  2 kobold zombies (Ossuary)
  A quokka zombie (D:6)
  A rat (D:3)
  3 rat zombies
151 creatures vanquished.

Vanquished Creatures (collateral kills)
  A water moccasin (D:8)
  A bombardier beetle (D:6)
  A white imp (D:6)
  A kobold (D:8)
4 creatures vanquished.

Grand Total: 155 creatures vanquished

Notes
Turn   | Place    | Note
-------+----------+-------------------------------------------
     0 | D:1      | BeingJoeMalik the Gargoyle Necromancer began the quest for
                  | the Orb.
     0 | D:1      | Reached XP level 1. HP: 10/10 MP: 3/3
   337 | D:1      | Reached XP level 2. HP: 15/15 MP: 3/5
  1033 | D:1      | Reached skill level 4 in Necromancy
  1138 | D:1      | Reached XP level 3. HP: 19/19 MP: 3/6
  1391 | D:2      | Identified the +2 pair of boots "Geapnoug" {+Blink rF+
                  | Slay+2}
  2198 | D:3      | Reached XP level 4. HP: 24/24 MP: 5/7
  2202 | D:3      | Learned a level 3 spell: Vampiric Draining
  2220 | D:3      | Found a snail-covered altar of Cheibriados.
  2312 | D:3      | Noticed Robin
  2359 | D:3      | Killed Robin
  2658 | D:3      | Noticed Ijyb
  2671 | D:3      | Killed Ijyb
  2672 | D:3      | Reached skill level 5 in Necromancy
  2906 | D:3      | Reached XP level 5. HP: 28/28 MP: 6/8
  3116 | D:3      | Found a faded altar of an unknown god.
  3324 | D:4      | Found a bloodstained altar of Trog.
  3325 | D:4      | Found a broken altar of Ashenzari.
  3329 | D:4      | Found an opulent altar of Gozag.
  3391 | D:4      | Noticed an ogre
  3397 | D:4      | Killed an ogre
  3398 | D:4      | Reached skill level 6 in Necromancy
  3398 | D:4      | Reached XP level 6. HP: 32/32 MP: 3/9
  3483 | D:4      | Learned a level 4 spell: Animate Dead
  3750 | D:4      | Reached XP level 7. HP: 19/36 MP: 4/11
  3860 | D:4      | Found a hide-covered altar of Uskayaw.
  3936 | D:5      | Entered Level 5 of the Dungeon
  3979 | D:5      | Found a sacrificial altar of Ru.
  4335 | D:5      | Reached skill level 7 in Necromancy
  4424 | D:5      | Found a shadowy altar of Dithmenos.
  4993 | D:5      | Reached XP level 8. HP: 39/41 MP: 8/14
  5184 | D:6      | Found a staircase to the Ecumenical Temple.
  5192 | Temple   | Entered the Ecumenical Temple
  5204 | Temple   | Became a worshipper of Sif Muna the Loreminder
  5331 | D:6      | Reached skill level 5 in Spellcasting
  5550 | D:6      | Found a sand-covered staircase.
  5567 | Ossuary  | Entered an ossuary
  5610 | Ossuary  | Reached * piety under Sif Muna
  5631 | Ossuary  | Reached skill level 8 in Necromancy
  6227 | D:6      | Reached XP level 9. HP: 27/45 MP: 15/18
  6326 | D:6      | Found an ancient bone altar of Kikubaaqudgha.
  7066 | D:7      | Noticed a komodo dragon
  7078 | D:7      | Killed a komodo dragon
  7470 | D:7      | Reached skill level 9 in Necromancy
  7496 | D:7      | Found a basalt altar of Yredelemnul.
  7666 | D:8      | Reached ** piety under Sif Muna
  7803 | D:7      | HP: 2/45 [killer bee (6)]
  7803 | D:7      | Slain by a killer bee

Illustrated notes

Levels and vault maps discovered:
D:1:      dpeg_arrival_stone_temple_mockup, layout_loops_corners,
          nicolae_the_louvre
D:2:      layout_basic
D:3:      layout_basic, slow_altar_1,
          hellmonk_ecumenical_altar_pennies_from_heaven, minmay_strange_pillars,
          grunt_ministairs_6, uniq_robin, uniq_ijyb
D:4:      layout_cave_pools, nicolae_uskayaw_dance_hall, minitemple
D:5:      layout_loops_ring, mainiacjoe_overflow_small_starburst,
          amcnicky_altar_gilded
D:6:      minmay_evil_eye, layout_rooms, kiku_gazebo_pond_becter,
          minmay_temple_entry_waves, enter_ossuary_4
D:7:      layout_loops_ring, lemuel_coloured_pillars_altar
D:8:      layout_basic, lair_entry_dummy
Temple:   hellmonk_temple_two_chambers

Skill      XL: |  1  2  3  4  5  6  7  8  9 |
---------------+----------------------------+-----
Necromancy     | 4 5 6 7 8 9 |  9.3
Spellcasting   | 4 6 8 |  8.1
Dodging        | |  1.5
Stealth        | |  2.1

Action                     |  1- 3 |  4- 6 |  7- 9 || total
---------------------------+-------+-------+-------++-------
  Melee: Dagger            |     1 |    28 |   155 ||   184
         Punch             |       |       |     1 ||     1
   Cast: Necrotise         |    65 |    64 |   224 ||   353
         Vampiric Draining |       |       |     3 ||     3
  Evoke: Wand              |       |     1 |       ||     1
    Use: Scroll            |       |    12 |     8 ||    20
         Potion            |       |       |     2 ||     2
 Armour: Robe              |     6 |    50 |   274 ||   330
  Dodge: Dodged            |     6 |    26 |   215 ||   247
